 Dungeon Crawl Stone Soup version 0.23.2-33-g5129a83184 (webtiles) character file.

Game seed: 11743128517980409651

249 psyvane the Vexing (level 6, -1/55 HPs)
             Began as an Ogre Arcane Marksman on July 14, 2019.
             Slain by an ogre
             ... wielding a +0 giant club
              (21 damage)
             ... on level 4 of the Dungeon.
             The game lasted 00:11:40 (3627 turns).

psyvane the Vexing (Ogre Arcane Marksman)           Turns: 3627, Time: 00:11:41

Health: -1/55      AC:  3    Str: 16    XL:     6   Next: 12%
Magic:  4/8        EV: 10    Int: 15    God:
Gold:   180        SH:  0    Dex:  9    Spells: 1/8 levels left

rFire    . . .     SeeInvis .   h - +0 whip (freeze)
rCold    . . .     Gourm    .   (no shield)
rNeg     . . .     Faith    .   a - +0 robe
rPois    .         Spirit   .   (helmet restricted)
rElec    .         Reflect  .   (no cloak)
rCorr    .         Harm     .   (gloves unavailable)
MR       .....                  (boots unavailable)
Stlth    +.........             (no amulet)
HPRegen  0.18/turn              (no ring)
MPRegen  0.11/turn              (no ring)

@: slowed, very slow
A: large, unfitting armour, tough skin 1
a: no special abilities


You were on level 4 of the Dungeon.
You were hungry.

You visited 1 branch of the dungeon, and saw 4 of its levels.

You collected 180 gold pieces.

Inventory:

Hand Weapons
 h - a +0 whip of freezing (weapon)
 i - a +2 whip of pain
 s - a +0 giant club
Missiles
 c - 6 large rocks
 d - 2 throwing nets
 v - 2 tomahawks (quivered)
Armour
 a - a +0 robe (worn)
Wands
 t - a wand of enslavement (8)
Scrolls
 b - 2 scrolls of identify
 e - 2 scrolls of teleportation {unknown}
 g - 2 scrolls of magic mapping {unknown}
 j - 2 scrolls of remove curse
 k - 2 scrolls of amnesia
 n - a scroll of fog {unknown}
Potions
 l - 2 potions of brilliance
 m - a potion of magic {unknown}
 o - a potion of berserk rage {unknown}
 p - a potion of flight {unknown}
 q - 2 potions of ambrosia {unknown}
 r - a potion of curing {unknown}
Comestibles
 f - 5 rations
 u - 4 chunks of flesh


   Skills:
 - Level 1.3 Fighting
 - Level 2.0 Throwing
 - Level 1.7 Dodging
 - Level 1.6 Spellcasting
 * Level 6.0 Hexes


You had one spell level left.
You knew the following spells:

 Your Spells              Type           Power        Failure   Level  Hunger
a - Corona                Hex            ###....      1%          1    ##.....
b - Slow                  Hex            ###.....     3%          2    ###....
c - Cause Fear            Hex            ###.......   19%         4    #####..

Your spell library contained the following spells:

 Spells                   Type           Power        Failure   Level  Hunger
 Inner Flame              Hex/Fire       ##......     21%         3    ####...
 Portal Projectile        Hex/Tloc       ##....       21%         3    ####...
 Leda's Liquefaction      Hex/Erth       ##........   54%         4    #####..


Dungeon Overview and Level Annotations

Branches:
Dungeon (4/15)
 Temple: D:4-7

Altars:
Ashenzari
Fedhas
Yredelemnul

Annotations:
D:4 2 transporters


Innate Abilities, Weirdness & Mutations

You are too large for most types of armour.
You have tough skin. (AC +1)


Message History

Throwing (i - inventory. (/) - cycle)
v - 3 tomahawks (quivered)
Press: ? - help, Shift-Dir - straight line, f/p - orc wizard
Aim: an orc wizard, wielding a +0 dagger and wearing a cursed +0 robe (moderately wounded, fast+slow, softly glowing)
You throw a tomahawk. The tomahawk hits the ogre.
The ogre is lightly wounded.
The orc wizard stops glowing.
The orc wizard mumbles some strange words.
The orc wizard blinks!
The ogre hits you with a +0 giant club!!
The ogre barely misses you.
The orc wizard casts a spell.
The orc wizard blinks!
Casting: Slow (safe; 3% risk of failure)
Confirm with . or Enter, or press ? or * to list all spells.
Aiming: Slow (safe; 3% risk of failure)
Press: ? - help, Shift-Dir - straight line, f - ogre
Aim: an ogre, wielding a +0 giant club (lightly wounded, chance to defeat MR: 57%)
The ogre seems to slow down.
The ogre hits you with a +0 giant club!!
You die...

#.# ....... ...##
#§# ####..#####.##
#.# #..........
#.# #.###.##.##
#o# ##.###.##.#
#.## #......##.#
#oo# #..######.#
##O# #..# #.#
#@#.# #..# #.#
#.#.# #..# #.##
#.#.###..#### #..#
#.#.##......####.#
#.#.#....##......#
#.#.#....######..#
#÷#.#.###.## #..#
#.#<#.##.#.####..#
#.#.....###......#


You could see an ogre and 3 orcs.

Vanquished Creatures
  An ogre (D:4)
  An orc priest (D:3)
  7 adders
  A worm (D:2)
  3 dart slugs
  3 leopard geckos
  4 orcs
  2 giant cockroaches (D:1)
  9 goblins
  7 hobgoblins
  3 jackals (D:3)
  7 kobolds
  A quokka (D:2)
  A ball python (D:3)
  3 bats
  2 frilled lizards
  5 rats
60 creatures vanquished.

Notes
Turn   | Place    | Note
-------+----------+-------------------------------------------
     0 | D:1      | psyvane the Ogre Arcane Marksman began the quest for the
                  | Orb.
     0 | D:1      | Reached XP level 1. HP: 19/19 MP: 2/2
   381 | D:1      | Reached skill level 3 in Hexes
   393 | D:1      | Reached XP level 2. HP: 17/27 MP: 1/3
   592 | D:1      | Learned a level 2 spell: Slow
   662 | D:1      | Reached XP level 3. HP: 28/33 MP: 1/4
  1039 | D:2      | Reached skill level 4 in Hexes
  1565 | D:2      | Reached XP level 4. HP: 41/41 MP: 3/5
  1669 | D:2      | Found a blossoming altar of Fedhas.
  1695 | D:2      | Found a basalt altar of Yredelemnul.
  2525 | D:4      | Found a transporter.
  2530 | D:3      | Found a shattered altar of Ashenzari.
  2925 | D:3      | Reached XP level 5. HP: 41/48 MP: 1/7
  2931 | D:3      | Learned a level 4 spell: Cause Fear
  3160 | D:3      | Reached skill level 5 in Hexes
  3552 | D:4      | Found a transporter.
  3571 | D:4      | Noticed an ogre
  3582 | D:4      | Killed an ogre
  3582 | D:4      | Reached skill level 6 in Hexes
  3582 | D:4      | Reached XP level 6. HP: 55/55 MP: 4/8
  3627 | D:4      | Slain by an ogre

Skill      XL: |  1  2  3  4  5 |
---------------+----------------+-----
Hexes          | 3 4 6 |  6.0
Fighting       | |  1.3
Throwing       | |  2.0
Dodging        | |  1.7
Spellcasting   | |  1.6

Action                   |  1- 3 |  4- 6 || total
-------------------------+-------+-------++-------
Melee: Unarmed           |    15 |       ||    15
       Whip              |   103 |   103 ||   206
Throw: Large rock        |       |     3 ||     3
       Tomahawk          |       |     4 ||     4
 Cast: Corona            |    30 |    28 ||    58
       Slow              |     4 |    10 ||    14
  Use: Scroll            |     4 |       ||     4
       Potion            |     1 |     1 ||     2
  Eat: Chunk             |     3 |     8 ||    11
Armor: Robe              |    31 |    16 ||    47
Dodge: Dodged            |    63 |    57 ||   120
